 Dungeon Crawl Stone Soup version 0.30-a0-883-g5ad918d77d (webtiles) character file.

Game seed: 16125676110218014930

83473 FexLirch the Bludgeoner (level 15, -5/183 HPs)
             Began as an Armataur Fighter on Mar 16, 2023.
             Was a High Priest of Hepliaklqana.
             Killed from afar by an eleionoma (12 damage)
             ... with a spray of wooden splinters
             ... on level 1 of the Swamp.
             The game lasted 01:27:16 (19550 turns).

FexLirch the Bludgeoner (Armataur Fighter)         Turns: 19550, Time: 01:27:17

Health: -5/183     AC: 29    Str: 29    XL:     15   Next: 32%
Magic:  21/21      EV:  2    Int: 17    God:    Hepliaklqana [*****.]
Gold:   47         SH: 13    Dex: 10    Spells: 6/14 levels left

rFire   + . .      SeeInvis .    e - +8 whip "Vizumihua" {drain, rF+ Will+}
rCold   . . .      Faith    .    Q - +2 kite shield
rNeg    . . .      Spirit   .    M - +8 orange crystal plate armour {Archmagi, Int+3 Clar}
rPois   .          Reflect  .    a - +0 helmet
rElec   .          Roll     +    (no cloak)
rCorr   .          Archmagi +    h - +0 pair of gloves
Will    ++...      Clarity  +    (no barding) Stlth
                                 g - amulet of regeneration
HPRegen 1.30/turn                z - +4 ring of protection
MPRegen 0.17/turn                x - +6 ring of intelligence

@: berserking, lethally poisoned (-5 -> -20), very quick
A: reduced essence, large, rugged brown scales 3, deformed body, armoured tail,
roll, long tongue, awkward tongue
a: Renounce Religion, Recall Ancestor, Ancestor Identity, Transference, Idealise


You were on level 1 of the Swamp.
You worshipped Hepliaklqana.
Hepliaklqana was extremely pleased with you.
You visited 5 branches of the dungeon, and saw 22 of its levels.

You collected 2359 gold pieces.
You spent 2312 gold pieces at shops.

Inventory:

Hand Weapons
 e - the +8 whip "Vizumihua" (weapon) {drain, rF+ Will+}
   (You found it on level 2 of the Dungeon)

   rF:        It protects you from fire.
   Will:      It increases your willpower.
 o - a +0 sling
 w - a +0 morningstar of freezing
 y - a +0 war axe
 F - a +0 scythe of protection
Missiles
 k - 25 boomerangs
 m - 5 atropa-tipped darts
 L - 25 poisoned darts
 R - 6 throwing nets
 T - 6 curare-tipped darts (quivered)
Armour
 a - a +0 helmet (worn)
 h - a +0 pair of gloves (worn)
 M - the +8 orange crystal plate armour (worn) {Archmagi, Int+3 Clar}
   (You bought it in a shop on level 1 of the Orcish Mines)

   Int:       It affects your intelligence (+3).
   Clar:      It protects you against confusion.
 Q - a +2 kite shield (worn)
Jewellery
 g - an amulet of regeneration (around neck)
 x - a +6 ring of intelligence (right hand)
 z - a +4 ring of protection (left hand)
 U - a ring of protection from cold
 X - a ring of magical power
 Y - an amulet of reflection
Wands
 D - a wand of roots (16)
 I - a wand of digging (1)
 J - a wand of quicksilver (20)
Scrolls
 c - a scroll of acquirement {unknown}
 i - 7 scrolls of teleportation
 j - 2 scrolls of vulnerability {unknown}
 l - 2 scrolls of fear
 p - a scroll of butterflies {unknown}
 q - 5 scrolls of poison
 u - 3 scrolls of enchant weapon
 v - 2 scrolls of magic mapping
 G - 4 scrolls of fog
 H - 3 scrolls of blinking
 K - a scroll of brand weapon {unknown}
 P - a scroll of enchant armour {unknown}
 S - a scroll of torment {unknown}
 Z - a scroll of immolation {unknown}
Potions
 b - 2 potions of brilliance
 d - a potion of heal wounds
 f - 6 potions of attraction
 n - a potion of cancellation {unknown}
 r - 3 potions of haste
 t - 5 potions of curing
 A - 3 potions of invisibility
 B - 8 potions of lignification
 C - 3 potions of berserk rage
 E - 4 potions of mutation
 N - a potion of magic {unknown}
 O - a potion of flight {unknown}
 V - 2 potions of might
 W - a potion of resistance {unknown}
Miscellaneous
 s - a phantom mirror


   Skills:
 + Level 10.0 Fighting
 * Level 17.5 Maces & Flails
 + Level 6.9 Armour
 + Level 11.8 Shields
 + Level 10.1 Translocations
 + Level 8.8 Invocations


You had 6 spell levels left.
You knew the following spells:

 Your Spells              Type           Power      Damage    Failure   Level
a - Blink                 Tloc           100%       N/A       36%         2
b - Lesser Beckoning      Tloc           100%       N/A       36%         2
c - Manifold Assault      Tloc           51%        N/A       94%         4

Your spell library contained the following spells:

 Spells                   Type           Power      Damage    Failure   Level
 Momentum Strike          Conj/Tloc      50%        3d9       96%         2
 Portal Projectile        Hex/Tloc       50%        N/A       99%         3
 Slow                     Hex            0%         N/A       100%        1
 Cigotuvi's Dreadful Rot  Necr/Pois/Air  0%         N/A       100%        2
 Poisonous Vapours        Pois/Air       0%         N/A       100%        2
 Confusing Touch          Hex            0%         N/A       100%        3
 Frozen Ramparts          Ice            0%         1d1       100%        3
 Hailstorm                Conj/Ice       0%         3d3       100%        3
 Ignite Poison            Fire/Tmut/Pois 0%         N/A       100%        3
 Inner Flame              Hex/Fire       0%         N/A       100%        3
 Mephitic Cloud           Conj/Pois/Air  0%         N/A       100%        3
 Ozocubu's Armour         Ice            0%         N/A       100%        3
 Swiftness                Air            0%         N/A       100%        3
 Tukima's Dance           Hex            0%         N/A       100%        3
 Vampiric Draining        Necr           0%         2d6       100%        3
 Flame Wave               Conj/Fire      0%         2d4       100%        4
 Sticky Flame             Conj/Fire      0%         2d3       100%        4
 Blade Hands              Tmut           0%         N/A       100%        5
 Freezing Cloud           Conj/Ice/Air   0%         6-21      100%        5
 Irradiate                Conj/Tmut      0%         3d11      100%        5
 Iskenderun's Battlesphe  Conj           0%         2d6       100%        5
 Metabolic Englaciation   Hex/Ice        0%         N/A       100%        5
 Summon Forest            Summ/Tloc      12%        N/A       100%        5
 Summon Mana Viper        Hex/Summ       0%         N/A       100%        5
 Iron Shot                Conj/Erth      0%         9d1       100%        6
 Simulacrum               Ice/Necr       0%         N/A       100%        6
 Summon Cactus Giant      Summ           0%         N/A       100%        6
 Dragon Form              Tmut           0%         N/A       100%        7
 Spellforged Servitor     Conj/Summ      0%         N/A       100%        7
 Storm Form               Tmut/Air       0%         N/A       100%        7
 Fire Storm               Conj/Fire      0%         5d1       100%        9


Dungeon Overview and Level Annotations

Branches:
Dungeon (13/15)            Temple (1/1) D:7            Lair (5/5) D:9
  Swamp (1/4) Lair:2       Spider (0/4) Lair:2        Slime (0/5) Lair:4
    Orc (2/2) D:9             Elf (0/3) Orc:2
 Vaults: D:13-14

Altars:
Ashenzari
Cheibriados
Dithmenos
Elyvilon
Fedhas
Gozag
Hepliaklqana
Kikubaaqudgha
Makhleb
Nemelex Xobeh
Okawaru
Qazlal
Ru
Sif Muna
Trog
Uskayaw
Vehumet
Wu Jian
Xom
Yredelemnul
Zin
The Shining One
Jiyva

Shops:
D:1 :   Orc:1 =![   Orc:2 :[*[:(

Annotations:
D:12 2 runed translucent doors, Etzysuoth's ghost, journeyman DsWr


Innate Abilities, Weirdness & Mutations

Your life essence is reduced to manifest your ancestor. (-10% HP)
You are completely covered in rugged brown scales. (AC +3, +7% HP)
Armour fits poorly on your strangely shaped body.
You have a long armoured tail.
You roll when moving toward enemies. (Rampage)
Your long tongue fully drains potion bottles. (2x potion effects)
Your tongue gives you trouble enunciating. (1.5x scroll delay)


Message History

The spray of wooden splinters hits you but does no damage.
You miss the fenstrider witch.
The fenstrider witch is severely wounded.
You hit the fenstrider witch.
The fenstrider witch is severely wounded.
The fenstrider witch points at you and mumbles some strange words.
The toxic sludge hits you but does no damage.
You are poisoned.
Splash!
You fall into the toxic bog.
You barely miss the fenstrider witch.
The fenstrider witch is severely wounded.
You fester in the toxic bog!
You are more poisoned.
* * * LOW HITPOINT WARNING * * *
You feel very sick.
The eleionoma hits you but does no damage.
You are too berserk!
Unknown command.
Unknown command.
You thrash the fenstrider witch!!
You kill the fenstrider witch!
You hear a splash. x2
A fenstrider witch bone magically twists into a wand of roots (4).
* * * LOW HITPOINT WARNING * * *
You feel very sick. The tyrant leech bites you!
* * * LOW HITPOINT WARNING * * *
The tyrant leech draws strength from your injuries!
You closely miss the tyrant leech.
* * * LOW HITPOINT WARNING * * *
You feel very sick.
You whack the tyrant leech! You drain the tyrant leech.
Your tail-slap misses the tyrant leech.
The tyrant leech is moderately wounded.
* * * LOW HITPOINT WARNING * * *
You feel very sick.
The eleionoma hurls a spray of splinters at you.
The spray of wooden splinters hits you!
You die...

~~~....~...♣♣♣♣♣ ♣~..♣..
~.[♣♣♣♣~~~~~♣ ♣♣♣.~.~~..
~.~♣ ♣♣~~§.♣♣♣.~~~~~~~.
~.♣♣ ♣§§.♣♣♣...§~~~~.>
~.~♣ ♣♣.~~♣♣♣~~~~~~~~~~
~~.♣ ♣♣~....♣♣~~~~~~~~~.
~~♣♣♣♣..~...~♣♣.~~~~~~~.
~~~.♣♣~.~~~~.♣♣♣†w§~~~..
~...♣♣♣......♣ ♣@/~~~~..
..~♣♣ ♣♣~...♣♣♣♣R~~§..~~
..♣♣ ♣~....♣♣§.~~~.~~~
~~§♣♣♣♣♣~~...♣~..~~~..~♣
§~...♣♣~.~~..§~........♣
~~~..♣♣..~~~..~♣♣♣♣..♣..
~~~~~.~.~~~~.~♣♣ ♣♣♣♣♣
§..~~~~~~~~~.♣♣
~§.~~~~~.~~..♣ ♣♣♣♣


You could see an eleionoma and a tyrant leech (drained).

Vanquished Creatures
  A fenstrider witch (Swamp:1)
  2 orc warlords (Orc:2)
  A bunyip (Swamp:1)
  2 hydras (Swamp:1)
  Harold (D:9)
  A centaur warrior (D:12)
  3 boulder beetles
  A death yak (Lair:4)
  An orc high priest (Orc:2)
  3 skysharks (Lair:4)
  A swamp dragon (Swamp:1)
  3 orc knights (Orc:2)
  A bog body (Swamp:1)
  The ghost of retardedninja the Covered, a novice AtFi of Hepliaklqana (D:7)
  2 cyclopes
  Pikel (D:6)
  A black mamba (Lair:2)
  2 torpor snails
  13 elephants
  7 cane toads
  2 rime drakes
  7 komodo dragons
  3 kobold demonologists
  2 trolls
  2 hornets
  22 blink frogs
  8 polar bears
  3 slime creatures (D:12)
  3 dream sheep
  A shadow (D:12)
  4 wraiths
  3 culicivoras (Lair:2)
  Sigmund (D:4)
  2 jumping spiders (Lair:2)
  7 wyverns
  10 spriggans
  4 basilisks
  32 yaks
  A steam dragon (D:9)
  7 vampire mosquitoes
  Menkaure (D:7)
  3 redbacks (Lair:2)
  6 wargs
  3 swamp worms (Swamp:1)
  Duvessa (D:6)
  9 water moccasins
  18 orc warriors
  2 ice beasts (D:6)
  7 ogres
  3 black bears
  A sky beast (D:8)
  23 wolves
  4 boggarts (Lair:5)
  12 centaurs
  6 kobold brigands
  7 bullfrogs
  3 scorpions
  3 gnoll sergeants (D:7)
  6 wights
  Dowan (D:6)
  A killer bee (D:9)
  2 electric eels (Orc:2)
  5 howler monkeys
  3 jellies
  6 hounds
  10 orc priests
  4 gnoll boudas
  4 iguanas
  A sleepcap (D:6)
  Terence (D:2)
  19 orc wizards
  5 hell rats (Lair:4)
  27 gnolls
  8 adders
  An ufetubus (D:5)
  A worm (D:2)
  2 dart slugs (D:2)
  84 orcs
  6 ball pythons
  16 endoplasms
  8 giant cockroaches
  11 goblins
  9 hobgoblins
  13 jackals
  3 quokkas (D:2)
  3 bats
  4 frilled lizards
  10 kobolds
  2 rats (D:2)
560 creatures vanquished.

Vanquished Creatures (collateral kills)
  Josephine (Lair:5)
  4 hydras
  A catoblepas (Lair:2)
  3 death yaks
  A skyshark (Lair:4)
  2 fire crabs (Lair:3)
  A goliath frog (Swamp:1)
  A spriggan druid (Swamp:1)
  3 orc sorcerers (Orc:2)
  2 orc knights
  8 elephants
  3 cane toads
  A black mamba (Lair:5)
  4 komodo dragons
  3 trolls
  2 polar bears (Lair:5)
  2 hornets (Lair:5)
  4 dream sheep
  6 blink frogs
  A tyrant leech (Swamp:1)
  A jumping spider (Lair:2)
  A slime creature (D:12)
  8 spriggans
  A wraith (Lair:5)
  16 yaks
  A vampire (D:10)
  4 wyverns
  2 basilisks
  2 steam dragons (Lair:3)
  6 vampire mosquitoes
  An acid dragon (D:11)
  A swamp worm (Swamp:1)
  4 water moccasins
  19 orc warriors
  2 ogres (Orc:2)
  13 wolves
  2 centaurs (D:12)
  6 bullfrogs
  3 killer bees (D:9)
  3 howler monkeys
  An orc priest (Orc:2)
  5 orc wizards
  3 hell rats
  25 orcs
  A bush (Lair:1)
184 creatures vanquished.

Vanquished Creatures (others)
  2 bloated husks (Swamp:1)
  10 battlemagi
  An ancestor (D:9)
  2 orc wizards
  A bush (Lair:5)
  37 fungi
  45 plants
98 creatures vanquished.

Grand Total: 842 creatures vanquished

Notes
Turn   | Place    | Note
-------+----------+-------------------------------------------
     0 | D:1      | FexLirch the Armataur Fighter began the quest for the Orb.
     0 | D:1      | Reached XP level 1. HP: 19/19 MP: 1/1
     1 | D:1      | Noticed an electric eel
   130 | D:1      | Reached skill level 2 in Maces & Flails
   185 | D:1      | Found a faded altar of an unknown god.
   189 | D:1      | Reached XP level 2. HP: 26/26 MP: 2/2
   421 | D:1      | Got the Compendium of Voltaic Oxidation
   489 | D:1      | Reached XP level 3. HP: 22/32 MP: 3/3
   575 | D:1      | Found Siozoiclit's Book Shop.
  1025 | D:2      | Noticed Terence
  1033 | D:2      | Killed Terence
  1105 | D:2      | Reached XP level 4. HP: 40/40 MP: 4/4
  1187 | D:2      | Reached skill level 3 in Maces & Flails
  1511 | D:2      | Identified the +8 whip "Vizumihua" {drain, rF+ Will+}
  1658 | D:2      | Learned a level 2 spell: Blink
  2145 | D:3      | Reached XP level 5. HP: 41/48 MP: 5/5
  2291 | D:3      | Found a blossoming altar of Fedhas.
  2295 | D:3      | Found an ancient bone altar of Kikubaaqudgha.
  2566 | D:4      | Noticed an ogre
  2570 | D:4      | Killed an ogre
  2571 | D:4      | Reached skill level 4 in Maces & Flails
  2621 | D:4      | Found a radiant altar of Vehumet.
  2646 | D:4      | Reached XP level 6. HP: 54/54 MP: 6/6
  2662 | D:4      | Noticed Sigmund
  2681 | D:4      | Killed Sigmund
  2682 | D:4      | Reached skill level 5 in Maces & Flails
  2920 | D:4      | Found a sparkling altar of Nemelex Xobeh.
  2957 | D:4      | Reached XP level 7. HP: 58/60 MP: 7/7
  2966 | D:4      | Reached skill level 6 in Maces & Flails
  2978 | D:4      | Found a white marble altar of Elyvilon.
  3122 | D:4      | Found an ornate altar of the Wu Jian Council.
  3246 | D:5      | Entered Level 5 of the Dungeon
  3508 | D:5      | Reached skill level 7 in Maces & Flails
  3902 | D:5      | Reached XP level 8. HP: 67/67 MP: 8/8
  3922 | D:5      | Reached skill level 8 in Maces & Flails
  4481 | D:6      | Reached skill level 9 in Maces & Flails
  4486 | D:6      | Learned a level 2 spell: Lesser Beckoning
  4686 | D:6      | Found a basalt altar of Yredelemnul.
  4958 | D:7      | Found a staircase to the Ecumenical Temple.
  4990 | D:7      | Noticed Duvessa
  4990 | D:7      | Noticed Dowan
  4996 | D:6      | Killed Duvessa
  4997 | D:6      | Reached skill level 10 in Maces & Flails
  4999 | D:6      | Killed Dowan
  5060 | D:7      | Reached XP level 9. HP: 51/74 MP: 9/9
  5176 | D:7      | Noticed Pikel
  5187 | D:6      | Killed Pikel
  5188 | D:6      | Reached skill level 11 in Maces & Flails
  5629 | D:7      | Reached skill level 12 in Maces & Flails
  5926 | Temple   | Entered the Ecumenical Temple
  5938 | Temple   | Became a worshipper of Hepliaklqana the Forgotten
  5952 | D:7      | Found a runed translucent gate.
  5953 | D:7      | Found a runed translucent gate.
  5953 | D:7      | Found a runed translucent gate.
  5954 | D:7      | Noticed retardedninja's ghost (novice AtFi)
  6090 | D:7      | Learned a level 4 spell: Manifold Assault
  6106 | D:7      | Noticed Menkaure
  6117 | D:7      | Killed Menkaure
  6118 | D:7      | Reached skill level 1 in Translocations
  6231 | D:7      | Found a glowing golden altar of the Shining One.
  6566 | D:8      | Found a shadowy altar of Dithmenos.
  6581 | D:8      | Reached XP level 10. HP: 83/83 MP: 10/10
  6723 | D:8      | Reached * piety under Hepliaklqana
  7209 | D:8      | Found a bloodstained altar of Trog.
  7251 | D:8      | Found a hide-covered altar of Uskayaw.
  7371 | D:8      | Reached skill level 5 in Shields
  7411 | D:9      | Found a staircase to the Orcish Mines.
  7488 | D:9      | Noticed Harold
  7500 | D:9      | Killed Harold
  7503 | D:9      | Found a broken altar of Ashenzari.
  7714 | D:9      | Reached skill level 13 in Maces & Flails
  7898 | D:9      | Reached skill level 5 in Fighting
  7991 | D:9      | Reached ** piety under Hepliaklqana
  7992 | D:9      | Remembered your ancestor Fexingtonevich as a battlemage
  8284 | D:9      | Found a staircase to the Lair.
  8391 | D:9      | Found a shimmering altar of Xom.
  8467 | D:9      | Reached XP level 11. HP: 85/85 MP: 11/11
  8590 | D:10     | Entered Level 10 of the Dungeon
  8619 | D:10     | Found an iron altar of Okawaru.
  9485 | D:11     | You fall into a shaft and drop 2 floors!
  9560 | D:13     | Reached *** piety under Hepliaklqana
  9684 | D:12     | Reached skill level 1 in Invocations
 10088 | D:11     | Reached skill level 5 in Translocations
 10601 | D:12     | Found a runed translucent door.
 10602 | D:12     | Noticed a deep elf high priest
 10603 | D:12     | Noticed a necromancer
 10603 | D:12     | Noticed a boulder beetle
 10604 | D:12     | Noticed a lich
 10604 | D:12     | Noticed a skeletal warrior
 10604 | D:12     | Noticed a fire giant
 10605 | D:12     | Noticed Etzysuoth's ghost (journeyman DsWr)
 10605 | D:12     | Noticed a skeletal warrior
 10607 | D:12     | Found a runed translucent door.
 10607 | D:12     | Found the +2 cloak of the Thief {*Fog Slay-2 SInv Stlth+}
 10696 | D:12     | Reached skill level 14 in Maces & Flails
 10749 | D:12     | Noticed a centaur warrior
 10757 | D:12     | Killed a centaur warrior
 11252 | Lair:1   | Entered Level 1 of the Lair of Beasts
 11363 | Lair:1   | Reached **** piety under Hepliaklqana
 11392 | Lair:1   | Reached XP level 12. HP: 94/94 MP: 14/14
 11748 | Lair:1   | Got The Foundations of Wizardry
 12238 | Lair:2   | Found a hole to the Spider Nest.
 12475 | Lair:2   | Noticed a seven-headed hydra
 12482 | Lair:2   | Reached skill level 15 in Maces & Flails
 12567 | Lair:2   | Noticed a catoblepas
 12579 | Lair:2   | Killed a catoblepas
 12626 | Lair:2   | Reached skill level 5 in Invocations
 12858 | Lair:2   | Found a staircase to the Swamp.
 13038 | Lair:3   | Noticed a boulder beetle
 13050 | Lair:3   | Killed a boulder beetle
 13179 | Lair:3   | Reached XP level 13. HP: 100/103 MP: 17/17
 13526 | Lair:3   | Reached ***** piety under Hepliaklqana
 14396 | Lair:4   | Found a staircase to the Slime Pits.
 14396 | Lair:4   | Found a viscous altar of Jiyva.
 14444 | Lair:4   | Reached skill level 10 in Shields
 14510 | Lair:4   | Reached skill level 16 in Maces & Flails
 15348 | Lair:5   | Entered Level 5 of the Lair of Beasts
 15622 | Lair:5   | Reached XP level 14. HP: 112/112 MP: 19/19
 15816 | Lair:5   | Identified the +9 battleaxe "Kifyxoduo" {flame, rN+ Will-
                  | Str+2 Int+3}
 15840 | Lair:5   | Noticed Josephine
 15857 | Lair:5   | Killed Josephine
 16257 | Lair:5   | Reached skill level 5 in Armour
 16359 | Lair:5   | Identified the +4 chain mail "Wus Ocou" {Dex+2}
 16616 | Lair:5   | Paralysed by a hornet for 3 turns
 16940 | D:7      | Killed retardedninja's ghost
 16941 | D:7      | Reached skill level 17 in Maces & Flails
 17327 | Orc:1    | Entered Level 1 of the Orcish Mines
 17678 | Orc:1    | Found Zeetum's Distillery.
 17680 | Orc:1    | Found Pastrusk's Jewellery Shoppe.
 17869 | Orc:2    | Entered Level 2 of the Orcish Mines
 17869 | Orc:2    | Found a staircase to the Elven Halls.
 17876 | Orc:2    | Found Mafravva's Self-Improvement Boutique.
 18027 | Orc:2    | Found Nituohyss's Antique Armour Emporium.
 18165 | Orc:2    | Noticed an orc warlord
 18297 | Orc:2    | Reached XP level 15. HP: 112/122 MP: 21/21
 18468 | Orc:2    | Found Guerin's Antique Weapon Shoppe.
 18497 | Orc:2    | Found Qusamofe's Armour Shoppe.
 18551 | Orc:2    | Found Vosuiqud's Book Shoppe.
 18642 | Orc:2    | Found Rexust's General Store.
 18888 | Orc:1    | Found Igru's Armour Shoppe.
 19052 | Orc:1    | Bought the +8 orange crystal plate armour {Archmagi, Int+3
                  | Clar} for 2312 gold pieces
 19052 | Orc:1    | Found the +8 orange crystal plate armour {Archmagi, Int+3
                  | Clar}
 19199 | Swamp:1  | Entered Level 1 of the Swamp
 19210 | Swamp:1  | Reached skill level 10 in Translocations
 19314 | Swamp:1  | Reached skill level 10 in Fighting
 19525 | Swamp:1  | Noticed a fenstrider witch
 19531 | Swamp:1  | Paralysed by a fenstrider witch for 5 turns
 19548 | Swamp:1  | Killed a fenstrider witch
 19550 | Swamp:1  | HP: 7/183 [poison]
 19550 | Swamp:1  | Killed from afar by an eleionoma

Illustrated notes

Levels and vault maps discovered:
D:1:      arrival_aquarium_a, layout_loops_ring, serial_shops,
          nicolae_shop_statue_plus, shapermc_ecumenical_altar_mp_highgroup
D:2:      layout_basic, uniq_terence
D:3:      layout_loops_ring, grunt_temple_overflow_growth_and_decay
D:4:      layout_rooms, mainiacjoe_overflow_small_starburst,
          nemelex_dance_club_becter, vehumet_altar_wand_db,
          nicolae_wu_jian_immortal_techniques, serial_bayou_crossing,
          uniq_sigmund
D:5:      layout_basic
D:6:      layout_basic, mainiacjoe_overflow_paths
D:7:      layout_cave_pools, nicolae_tso_carved_into_rock,
          minmay_temple_entry_statues, serial_gnoll_camp,
          gnoll_camp_mini_doghouse, gnoll_camp_mini_hut,
          gnoll_camp_mini_doghouse, gnoll_camp_medium_02, gnoll_camp_mini_basic,
          gnoll_camp_mini_sergeant, ebering_ghost_rock_garden, st_stairs_2,
          uniq_menkaure, uniq_duvessa, uniq_pikel
D:8:      layout_gridville, mainiacjoe_overflow_six_doors_small,
          nicolae_overflow_hidden_temple, lemuel_round_altar,
          kennysheep_generic_room_3
D:9:      layout_loops_corners, mainiacjoe_overflow_alcove_1,
          overflow_temple_1_default, lair_entry_dummy,
          minmay_orc_entry_guard_dogs, uniq_harold
D:10:     layout_small_grid, mainiacjoe_overflow_cross_hatched
D:11:     layout_irregular_city
D:12:     layout_roguey, muffindrake_ghost_dual_entry
D:13:     layout_stronghold, serial_shops, shop, uniq_azrael
Temple:   hellmonk_temple_rainy
Lair:1:   layout_long_grid, wad_woods_02
Lair:2:   layout_regular_city, minmay_swamp_entry_reptiles,
          nicolae_spider_entry_tight_spaces
Lair:3:   layout_cave_shapes, nicolae_lair_lakeside_cave
Lair:4:   layout_cave_pods, slime_entry_1, beast_lair_carwin_10
Lair:5:   minmay_lair_end_enchanted_forest, layout_regular_city,
          grunt_megastairs_3, infiniplex_staircase_pool_2, uniq_josephine
Swamp:1:  layout_basic_swamp, nicolae_swamp_tree_designs
Orc:1:    layout_caves, serial_shops, nicolae_shop_crystal, nicolae_shop_stone,
          shop, nicolae_orc_rockfall, rock_pile
Orc:2:    grunt_orc_gardens, layout_caves, grunt_orc_garden, grunt_orc_garden,
          grunt_orc_garden, grunt_orc_garden, serial_shops,
          nicolae_shop_waterfront, nicolae_shop_self_help

Skill      XL: |  1  2  3  4  5  6  7  8  9 10 11 12 13 14 15 |
---------------+----------------------------------------------+-----
Maces & Flails | 2 3 4 5 7 10 12 13 14 15 16 17 | 17.5
Armour         | 4 6 |  6.9
Fighting       | 3 5 6 7 8 9 10 | 10.0
Shields        | 4 6 7 9 10 11 | 11.8
Translocations | 1 4 5 7 8 9 10 | 10.1
Invocations    | 3 5 7 8 |  8.8

Action                     |  1- 3 |  4- 6 |  7- 9 | 10-12 | 13-15 || total
---------------------------+-------+-------+-------+-------+-------++-------
  Melee: Flail             |    81 |    72 |       |       |       ||   153
         Tailslap          |     8 |    12 |    34 |    77 |   206 ||   337
         Whip              |       |    75 |   340 |   634 |   975 ||  2024
         War axe           |       |       |     3 |       |    32 ||    35
   Fire: Sling             |    39 |     9 |     5 |       |    59 ||   112
  Throw: Dart              |       |     1 |       |     4 |    12 ||    17
         Boomerang         |       |       |       |       |     2 ||     2
   Cast: Lesser Beckoning  |       |       |       |       |     1 ||     1
         Manifold Assault  |       |       |       |       |    10 ||    10
 Invoke: Ancestor Life: Ba |       |       |       |     1 |       ||     1
         Ancestor Identity |       |       |       |     1 |       ||     1
         Recall Ancestor   |       |       |       |     2 |     9 ||    11
         Idealise          |       |       |       |       |     4 ||     4
  Evoke: Wand              |       |       |       |       |     7 ||     7
    Use: Potion            |     1 |     1 |       |       |     6 ||     8
         Scroll            |       |       |       |    12 |     6 ||    18
   Stab: Distracted        |       |       |       |     3 |    14 ||    17
 Armour: Scale mail        |    48 |    35 |       |       |       ||    83
         Leather armour    |       |    16 |    94 |    15 |       ||   125
         Ring mail         |       |       |       |    43 |       ||    43
         Troll leather arm |       |       |       |    43 |   179 ||   222
         Crystal plate arm |       |       |       |       |    44 ||    44
  Dodge: Dodged            |    27 |    32 |    75 |    72 |   174 ||   380
  Block: Buckler           |    34 |    61 |   120 |       |       ||   215
         Reflection        |       |       |    14 |    22 |       ||    36
         Kite shield       |       |       |    20 |   323 |   518 ||   861

Table legend: (Time is in decaauts)
 A = Elapsed time spent in this place.
 B = Non-inter-level travel time spent in this place.
 C = Inter-level travel time spent in this place.
 D = Time resting spent in this place.
 E = Time spent auto-exploring this place.
 F = Levels seen in this place.
 G = Mean time per level.
                   A        B        C        D        E       F      G
               +--------+--------+--------+--------+--------+-----+--------+
         Total |  18931 |  17019 |   1912 |    877 |   9397 |  22 |  860.5 |
       Dungeon |  11456 |  10728 |    728 |    456 |   7527 |  13 |  881.2 |
        Temple |     18 |     15 |      3 |      0 |      0 |   1 |   18.0 |
          Lair |   5567 |   4568 |    999 |    285 |   1355 |   5 | 1113.4 |
         Swamp |    323 |    323 |      0 |      0 |    196 |   1 |  323.0 |
  Orcish Mines |   1564 |   1383 |    181 |    136 |    319 |   2 |  782.0 |
               +--------+--------+--------+--------+--------+-----+--------+

Top non-repeatable levels by time:
     D:9: 1437 daAuts
  Lair:3: 1375 daAuts
  Lair:4: 1349 daAuts
     D:7: 1129 daAuts
     D:6: 1126 daAuts
  Lair:1: 1041 daAuts
  Lair:5: 999 daAuts
     D:1: 976 daAuts
     D:5: 969 daAuts
     D:2: 967 daAuts
    D:11: 945 daAuts
     D:8: 914 daAuts
   Orc:2: 824 daAuts
  Lair:2: 801 daAuts
    D:10: 800 daAuts
